Map: Dusk Towers

Players

Botvinnik - Winner!

  • Race: Terran Terran
  • League: Master

Welmu

  • Race: Protoss Protoss
  • League: Grandmaster

Event: DreamHack ZOWIE Open Leipzig

VOD

Have the link to the VOD?

Description

Time

  • Played on: Jan. 22, 2016, 7:33 a.m.
  • Length: 13:18

All games in this series

Show
View Real Time Build Order
Export as new Build Order

Botvinnik Terran - Winner!

Build Orders: MMM Bio 

Get SALT Encoding   

  12  0:01  SCV  
  13  0:13  SCV  
  14  0:20  Supply Depot  
  14  0:25  SCV  
  15  0:42  SCV  
  16  0:43  Barracks  
  16  0:54  SCV  
  17  1:06  SCV  
  18  1:13  Command Center  
  18  1:20  SCV  
  19  1:30  Marine  
  19  1:32  Orbital Command  
  20  1:35  Refinery  
  20  1:44  Supply Depot  
  20  1:48  Marine  
  21  1:57  SCV  
  22  2:05  Marine  
  23  2:10  SCV  
  24  2:24  SCV  
  24  2:25  Marine  
  24  2:26  Orbital Command  
  24  2:28  Refinery  
  26  2:38  SCV  
  27  2:44  Barracks Reactor  
  27  2:50  SCV  
  28  2:53  SCV  
  28  2:55  Factory  
  29  3:02  SCV  
  29  3:05  SCV  
  29  3:15  SCV  
  29  3:17  SCV  
  29  3:21  Marine x2  
  29  3:26  Command Center  
  29  3:27  SCV  
  30  3:29  SCV  
  30  3:38  Marine  
  30  3:39  SCV, Marine  
  34  3:41  SCV  
  34  3:46  Supply Depot  
  33  3:48  Factory Tech Lab  
  33  3:51  SCV  
  33  3:53  SCV  
  34  3:56  Marine  
  34  3:57  Marine  
  36  4:03  SCV  
  36  4:05  SCV  
  36  4:08  Cyclone  
  41  4:15  SCV  
  42  4:17  SCV  
  42  4:19  Marine x2  
  44  4:27  SCV  
  44  4:29  SCV  
  42  4:37  Orbital Command  
  40  4:38  Marine  
  40  4:39  SCV, Marine  
  40  4:41  SCV  
  44  4:51  SCV  
  45  4:54  SCV  
  45  4:58  Marine x2  
  48  5:03  SCV x2, Factory Reactor  
  48  5:06  SCV  
  51  5:11  Barracks  
  51  5:13  Barracks  
  51  5:15  SCV x2  
  51  5:18  SCV, Marine  
  51  5:19  Marine  
  56  5:28  SCV x2  
  58  5:30  SCV  
  58  5:31  Supply Depot  
  58  5:34  Engineering Bay  
  59  5:36  Engineering Bay, Marine  
  59  5:40  SCV x2  
  59  5:41  Widow Mine x2  
  59  5:42  SCV  
  67  5:45  Supply Depot  
  67  5:48  Refinery  
  67  5:49  Refinery  
  67  5:52  SCV x2, Marine  
  67  5:56  Marine  
  71  5:59  Barracks Tech Lab  
  71  6:00  Marauder  
  71  6:03  Stimpack  
  73  6:06  Terran Infantry Weapons Level 1, Terran Infantry Armor Level 1  
  73  6:08  SCV x2  
  73  6:09  SCV  
  73  6:10  Marine  
  77  6:14  Widow Mine x2  
  81  6:20  SCV, Starport  
  81  6:24  Missile Turret  
  82  6:25  Missile Turret  
  82  6:29  Supply Depot  
  82  6:31  Combat Shields  
  82  6:36  SCV  
  82  6:37  SCV, Supply Depot  
  82  6:38  SCV  
  85  6:41  Supply Depot  
  84  6:48  Marine  
  84  6:50  Marine  
  84  6:51  Marauder x2  
  90  6:55  Orbital Command  
  90  6:57  SCV  
  90  6:58  SCV  
  90  6:59  Factory Reactor  
  92  7:06  Marine  
  93  7:08  Marine  
  93  7:12  Marauder x2  
  93  7:13  SCV x2  
  100  7:21  Barracks  
  100  7:22  Medivac x2  
  104  7:23  Barracks  
  104  7:24  SCV  
  104  7:25  SCV  
  106  7:35  Marauder, Marine  
  109  7:39  Marine  
  109  7:40  Supply Depot, Marauder, Widow Mine  
  109  7:41  Supply Depot  
  109  7:43  Armory  
  108  7:44  Liberator  
  108  7:48  Liberator  
  102  7:53  Marine  
  102  7:57  Marine, Marauder  
  104  8:02  Marauder  
  109  8:10  Marine  
  109  8:11  Barracks Reactor  
  109  8:12  Barracks Tech Lab  
  113  8:15  Marine  
  113  8:18  Marauder  
  115  8:23  Marauder  
  117  8:27  Widow Mine x2  
  117  8:28  Marine  
  117  8:32  Marauder  
  117  8:33  Orbital Command, Marine  
  125  8:39  Marauder  
  127  8:44  Medivac  
  127  8:45  Supply Depot, Marauder  
  133  8:57  Marine  
  133  9:00  Marine  
  132  9:04  Marauder  
  132  9:07  SCV x3  
  132  9:09  Supply Depot  
  136  9:10  Supply Depot  
  134  9:20  Marauder x2, Marine x2  
  140  9:32  Terran Infantry Weapons Level 2, Terran Infantry Armor Level 2  
  140  9:33  Supply Depot  
  138  9:41  Liberator x2  
  138  9:42  Missile Turret  
  138  9:46  Missile Turret  
  138  9:47  Missile Turret  
  144  10:06  Marine x3  
  147  10:07  Marine  
  147  10:10  Factory Reactor  
  148  10:14  Starport  
  148  10:18  Command Center  
  148  10:23  Refinery x2  
  148  10:24  Liberator x2, Terran Ship Weapons Level 1  
  148  10:26  Ghost Academy  
  151  10:43  Liberator  
  151  10:45  Marine x3  
  151  10:47  Marine  
  151  10:49  Liberator  
  155  10:57  Supply Depot, Ghost  
  155  10:58  Ghost x2  
  155  10:59  Supply Depot  
  164  11:05  Supply Depot  
  164  11:09  Marine x3  
  164  11:10  Marine  
  171  11:16  Barracks x2  
  171  11:18  Barracks  
  171  11:27  Marauder x3  
  177  11:35  Medivac x2  
  181  11:40  SCV x3  
  183  12:06  Barracks Reactor, Barracks Tech Lab, Marauder x3  
  183  12:07  Marine x3  
  192  12:09  Marine  
  193  12:16  Planetary Fortress  
  173  12:24  Marine x2  
  173  12:25  Marine x2  
  173  12:26  Marine  
  173  12:27  Marauder  
  173  12:28  Marauder x2  
  128  12:42  Marine x4  
  128  12:43  Marine  
  128  12:44  Marine x2  
  121  12:47  SCV x3  
  121  12:49  Marauder x2, Marine  
  124  12:59  SCV  
  124  13:00  Marine  
  124  13:02  SCV x2  
  119  13:15  Missile Turret  
Show
View Real Time Build Order
Export as new Build Order

Welmu Protoss 

Build Orders: 1 Gate Expand, Oracle Opening, Phoenix Opening 

Get SALT Encoding   

  12  0:01  Probe (Chrono Boost)  
  13  0:11  Probe (Chrono Boost)  
  14  0:17  Pylon  
  14  0:22  Probe (Chrono Boost)  
  16  0:35  Probe (Chrono Boost)  
  16  0:36  Gateway  
  16  0:45  Assimilator  
  16  0:46  Probe (Chrono Boost)  
  17  0:56  Probe (Chrono Boost)  
  18  1:07  Probe (Chrono Boost)  
  19  1:19  Nexus  
  19  1:31  Cybernetics Core  
  20  1:32  Probe (Chrono Boost)  
  20  1:38  Assimilator  
  20  1:43  Probe (Chrono Boost)  
  21  1:49  Pylon  
  21  1:54  Probe (Chrono Boost)  
  22  2:04  Probe (Chrono Boost)  
  22  2:07  Adept (Chrono Boost), Warp Gate  
  25  2:15  Probe  
  26  2:27  Stargate  
  26  2:28  Probe (Chrono Boost)  
  27  2:32  Adept (Chrono Boost)  
  27  2:35  Probe (Chrono Boost)  
  30  2:39  Probe (Chrono Boost)  
  31  2:46  Probe (Chrono Boost)  
  31  2:50  Probe (Chrono Boost)  
  33  2:52  Pylon  
  33  2:56  Probe (Chrono Boost)  
  34  3:00  Probe (Chrono Boost)  
  35  3:06  Adept  
  35  3:07  Probe (Chrono Boost)  
  35  3:11  Probe (Chrono Boost)  
  39  3:15  Oracle  
  39  3:17  Probe (Chrono Boost)  
  43  3:21  Probe (Chrono Boost)  
  44  3:28  Probe (Chrono Boost)  
  44  3:32  Probe (Chrono Boost)  
  46  3:38  Probe (Chrono Boost)  
  47  3:42  Probe (Chrono Boost)  
  47  3:48  Nexus  
  48  3:49  Probe (Chrono Boost)  
  48  3:51  Phoenix  
  48  3:53  Probe (Chrono Boost)  
  52  3:59  Probe (Chrono Boost)  
  52  4:02  Pylon  
  51  4:03  Probe (Chrono Boost)  
  51  4:06  Twilight Council  
  51  4:08  Pylon  
  52  4:11  Probe (Chrono Boost), Gateway  
  52  4:15  Assimilator  
  53  4:19  Probe (Chrono Boost)  
  53  4:20  Assimilator  
  53  4:21  Phoenix  
  56  4:34  Probe (Chrono Boost)  
  56  4:35  Probe (Chrono Boost)  
  58  4:39  Resonating Glaives  
  58  4:44  Probe (Chrono Boost)  
  60  4:45  Probe (Chrono Boost)  
  60  4:47  Forge  
  60  4:48  Robotics Facility  
  60  4:51  Phoenix  
  62  4:55  Probe (Chrono Boost)  
  62  4:56  Probe (Chrono Boost), Adept  
  66  5:00  Probe (Chrono Boost)  
  66  5:05  Probe (Chrono Boost)  
  66  5:06  Probe (Chrono Boost)  
  69  5:09  Gateway  
  69  5:10  Probe (Chrono Boost)  
  69  5:13  Sentry  
  72  5:16  Probe (Chrono Boost)  
  72  5:17  Probe (Chrono Boost), Phoenix  
  72  5:20  Probe (Chrono Boost)  
  77  5:21  Pylon  
  77  5:23  Protoss Ground Weapons Level 1 (Chrono Boost)  
  77  5:25  Adept  
  79  5:29  Probe  
  79  5:32  Probe  
  79  5:33  Probe  
  82  5:36  Pylon  
  82  5:40  Gateway  
  84  5:43  Gateway  
  84  5:48  Pylon  
  82  5:50  Warp Prism (Chrono Boost)  
  82  5:56  Gateway  
  84  5:59  Mothership Core  
  84  6:00  Pylon  
  84  6:01  Gateway  
  86  6:05  Gateway  
  86  6:06  Gateway  
  86  6:10  Adept x2, Pylon  
  90  6:13  Pylon  
  90  6:19  Observer (Chrono Boost)  
  90  6:20  Blink (Chrono Boost)  
  91  6:28  Pylon  
  91  6:31  Adept x3  
  97  6:35  Pylon  
  97  6:44  Adept x2  
  101  6:48  Probe x2  
  101  6:50  Forge  
  101  6:51  Observer  
  103  6:59  Pylon  
  103  7:00  Pylon  
  104  7:02  Adept x4  
  104  7:08  Immortal  
  112  7:13  Protoss Ground Armor Level 1 (Chrono Boost)  
  116  7:17  Adept x5  
  124  7:32  Adept x4  
  129  7:44  Observer  
  129  7:50  Adept x5  
  140  7:53  Probe, Assimilator x2  
  140  7:58  Probe  
  140  8:00  Protoss Ground Weapons Level 2 (Chrono Boost)  
  140  8:02  Immortal, Photon Cannon  
  140  8:06  Pylon  
  144  8:13  Robotics Facility  
  144  8:16  Nexus  
  144  8:20  Adept  
  144  8:21  Adept x3  
  152  8:36  Immortal  
  156  8:53  Adept  
  157  9:00  Adept x2  
  157  9:02  Pylon  
  155  9:05  Pylon  
  155  9:06  Pylon  
  155  9:07  Pylon  
  154  9:14  Mothership Core (Chrono Boost), Immortal  
  157  9:22  Pylon  
  157  9:23  Protoss Ground Armor Level 2 (Chrono Boost)  
  157  9:24  Pylon  
  157  9:25  Pylon  
  157  9:26  Sentry, Adept x3, Pylon  
  157  9:27  Stalker x4  
  157  9:29  Pylon, Photon Cannon  
  157  9:30  Photon Cannon  
  173  9:31  Pylon  
  173  9:41  Immortal  
  177  9:53  Templar Archives  
  177  9:55  Nexus  
  177  9:57  Pylon  
  177  9:58  Pylon  
  177  10:09  Protoss Ground Weapons Level 3 (Chrono Boost), Pylon  
  177  10:19  Psionic Storm  
  177  10:31  High Templar x2  
  177  10:32  High Templar x2  
  185  10:47  Gateway  
  185  10:49  Gateway  
  185  10:50  Photon Cannon, Assimilator  
  185  10:51  High Templar  
  185  10:52  Gateway, High Templar  
  185  10:53  Photon Cannon  
  185  10:54  Assimilator  
  185  10:55  Photon Cannon  
  189  10:58  Adept x2  
  193  11:11  Fleet Beacon  
  193  11:19  Stargate  
  193  11:36  Dark Shrine  
  193  11:44  Adept x3  
  199  12:22  Stalker x9  
  179  12:23  Stalker x3  
  95  12:45  Adept x2  
  95  12:46  Adept  
  69  12:52  Dark Templar  
  69  12:53  Dark Templar x3  
  69  12:54  Adept x2  
  69  13:06  Archon  
  69  13:08  Adept x2  

Tags
 
Add a new tag
Caveats
  • Supply blocks, unpowered buildings, or Contaminate may cause inaccurate times.
  • Supply counts are checked every 10 seconds.